Map: Invader LE

Players

eDen - Winner!

  • Race: Terran Terran
  • League: Master

oliM

  • Race: Protoss Protoss
  • League: Grandmaster

VOD

Have the link to the VOD?

Description

Time

  • Played on: May 14, 2016, 3:43 a.m.
  • Length: 9:14
Show
View Real Time Build Order
Export as new Build Order

eDen Terran - Winner!

Build Orders: MMM Bio 

Get SALT Encoding   

  12  0:00  SCV  
  13  0:13  SCV  
  14  0:18  Supply Depot  
  14  0:25  SCV  
  15  0:39  SCV  
  15  0:41  Barracks  
  16  0:45  Refinery  
  16  0:51  SCV  
  17  1:04  SCV  
  18  1:16  SCV  
  19  1:28  Orbital Command  
  19  1:29  Marine  
  20  1:41  Command Center  
  20  1:55  Factory  
  20  1:57  SCV  
  21  2:08  Supply Depot  
  21  2:09  SCV  
  22  2:15  Barracks Reactor  
  22  2:21  SCV  
  23  2:33  Bunker, SCV  
  23  2:35  Refinery  
  24  2:39  Widow Mine  
  26  2:46  SCV  
  27  2:51  Marine  
  27  2:52  Marine  
  27  2:53  Orbital Command  
  29  2:59  Starport  
  29  3:01  SCV  
  30  3:07  Supply Depot  
  30  3:12  Marine x2  
  31  3:14  SCV  
  31  3:19  SCV  
  34  3:26  SCV, Widow Mine  
  35  3:30  Marine x2  
  35  3:31  SCV  
  40  3:37  Medivac  
  40  3:39  SCV  
  43  3:42  Supply Depot  
  43  3:44  SCV  
  44  3:49  Marine x2  
  44  3:51  SCV  
  47  3:56  SCV  
  47  4:00  Barracks  
  47  4:01  Liberator  
  48  4:05  SCV  
  48  4:07  Supply Depot  
  48  4:08  Marine x2  
  51  4:14  SCV  
  52  4:19  Barracks  
  52  4:20  SCV  
  56  4:26  SCV  
  56  4:27  Factory Tech Lab  
  57  4:31  Engineering Bay  
  57  4:32  SCV  
  57  4:36  Marine x2  
  57  4:38  SCV  
  61  4:39  Refinery  
  61  4:42  Supply Depot  
  61  4:44  SCV  
  62  4:50  SCV  
  63  5:05  Marauder  
  63  5:06  Stimpack  
  63  5:08  Starport Reactor  
  63  5:09  SCV x2  
  63  5:10  Supply Depot  
  63  5:12  Barracks Tech Lab  
  63  5:13  Marine x2, Refinery  
  67  5:22  Terran Infantry Weapons Level 1  
  67  5:25  Barracks  
  67  5:27  Marauder, Barracks  
  69  5:30  Combat Shields  
  69  5:31  Marauder  
  69  5:34  Marine  
  69  5:35  Marine  
  71  5:40  Missile Turret  
  71  5:41  Missile Turret  
  71  5:47  Medivac x2  
  71  5:48  Marauder  
  77  5:51  Supply Depot  
  77  5:52  Factory Reactor  
  77  5:54  Marauder  
  77  5:55  SCV  
  78  6:01  Supply Depot  
  78  6:02  SCV  
  79  6:05  Marine x2  
  79  6:07  SCV  
  82  6:13  Barracks Tech Lab  
  82  6:14  Barracks Reactor, SCV  
  83  6:19  SCV  
  81  6:27  Marine, Marauder x2  
  81  6:31  Marine, Marauder  
  88  6:34  Medivac  
  88  6:38  Supply Depot  
  90  6:42  Widow Mine x2  
  90  6:45  Marine  
  95  6:49  Marauder  
  95  6:50  Medivac  
  95  6:52  Concussive Shells  
  100  6:54  Marauder x2  
  100  6:59  Marine x2  
  100  7:00  Supply Depot  
  104  7:01  Supply Depot  
  104  7:04  Medivac  
  106  7:10  Widow Mine x2  
  110  7:29  Marine x2, Marauder  
  117  7:30  Marine x2, Marauder x2  
  117  7:32  Supply Depot  
  117  7:33  Supply Depot  
  120  7:39  Widow Mine x2  
  124  7:47  Marine x2  
  126  7:51  Supply Depot  
  126  7:53  Marine x2  
  115  8:02  Marine x3  
  115  8:05  Marine x2  
  105  8:11  Marine x2  
  105  8:18  Medivac x2  
  109  8:20  Marine x2  
  109  8:21  Marauder  
  109  8:23  Marine x2  
  113  8:29  Marine  
  113  8:32  Marine  
  115  8:38  Marine x2  
  115  8:41  Marine x3  
  117  8:46  Marine  
  120  8:50  Marine  
  121  8:55  Marine  
  121  8:56  Marine  
Show
View Real Time Build Order
Export as new Build Order

oliM Protoss 

Build Orders: 1 Gate Expand, Phoenix Opening 

Get SALT Encoding   

  12  0:00  Probe (Chrono Boost)  
  13  0:11  Probe (Chrono Boost)  
  14  0:18  Pylon  
  14  0:22  Probe (Chrono Boost)  
  15  0:37  Probe (Chrono Boost)  
  15  0:38  Gateway  
  16  0:47  Probe (Chrono Boost)  
  16  0:48  Assimilator  
  17  0:58  Probe (Chrono Boost)  
  18  1:08  Probe (Chrono Boost)  
  19  1:19  Nexus  
  19  1:29  Cybernetics Core  
  19  1:33  Probe (Chrono Boost)  
  19  1:39  Assimilator  
  20  1:43  Probe (Chrono Boost)  
  22  1:54  Probe (Chrono Boost), Pylon  
  22  2:04  Probe (Chrono Boost)  
  23  2:11  Warp Gate  
  23  2:13  Adept (Chrono Boost)  
  24  2:18  Probe  
  25  2:29  Stargate  
  25  2:30  Probe (Chrono Boost)  
  25  2:32  Probe (Chrono Boost)  
  27  2:42  Probe (Chrono Boost)  
  27  2:43  Probe (Chrono Boost)  
  29  2:52  Probe (Chrono Boost)  
  29  2:54  Mothership Core (Chrono Boost)  
  32  3:03  Probe (Chrono Boost)  
  33  3:10  Robotics Facility  
  33  3:12  Probe (Chrono Boost)  
  34  3:13  Probe (Chrono Boost)  
  34  3:17  Pylon  
  35  3:21  Probe (Chrono Boost)  
  35  3:23  Probe (Chrono Boost), Phoenix (Chrono Boost)  
  39  3:31  Probe  
  39  3:33  Gateway  
  40  3:35  Probe  
  40  3:40  Gateway  
  41  3:47  Phoenix (Chrono Boost)  
  43  3:49  Probe x2  
  45  3:58  Observer  
  45  3:59  Probe  
  45  4:01  Probe  
  48  4:04  Forge  
  48  4:07  Pylon  
  48  4:10  Probe  
  48  4:13  Probe  
  48  4:14  Phoenix (Chrono Boost)  
  52  4:19  Assimilator  
  52  4:21  Probe  
  53  4:28  Adept  
  55  4:33  Probe  
  55  4:34  Observer  
  57  4:38  Adept, Probe  
  57  4:44  Adept  
  57  4:45  Assimilator  
  62  4:48  Pylon  
  62  4:57  Twilight Council  
  62  5:05  Probe  
  62  5:06  Probe  
  65  5:07  Observer  
  65  5:15  Gateway  
  65  5:16  Probe (Chrono Boost)  
  65  5:17  Protoss Ground Weapons Level 1  
  65  5:18  Gateway  
  65  5:19  Pylon, Probe (Chrono Boost)  
  67  5:26  Pylon  
  67  5:28  Probe (Chrono Boost), Resonating Glaives (Chrono Boost), Phoenix  
  70  5:36  Probe (Chrono Boost)  
  71  5:44  Probe  
  71  5:48  Immortal (Chrono Boost)  
  76  5:51  Probe  
  76  5:56  Probe  
  78  5:57  Adept, Nexus  
  78  5:58  Adept  
  78  5:59  Pylon  
  78  6:03  Probe  
  83  6:12  Gateway  
  83  6:13  Gateway  
  83  6:29  Immortal (Chrono Boost)  
  83  6:30  Adept x3  
  93  6:35  Pylon  
  93  6:41  Pylon  
  93  6:45  Probe, Templar Archives  
  94  6:52  Blink  
  94  6:53  Probe  
  95  7:00  Photon Cannon  
  95  7:01  Probe  
  96  7:02  Pylon  
  96  7:03  Immortal (Chrono Boost)  
  96  7:05  Probe  
  96  7:06  Phoenix (Chrono Boost)  
  103  7:17  Adept x2  
  103  7:18  Adept, Protoss Ground Armor Level 1  
  103  7:20  Probe  
  103  7:21  Probe  
  111  7:28  Probe  
  111  7:33  Adept x4  
  119  7:42  Immortal (Chrono Boost)  
  113  7:59  Adept x4  
  113  8:00  Adept x3  
  81  8:16  Immortal (Chrono Boost)  
  80  8:22  Stalker  
  80  8:23  Stalker, Adept x4  
  86  8:30  Pylon x2  
  69  8:49  Adept x3  
  69  8:50  Adept x4  
  69  8:53  Adept x5  
  69  8:54  Adept x2  
  75  9:01  Gateway, Probe (Chrono Boost)  
  72  9:03  Gateway, Pylon  
  72  9:07  Pylon  
Tags
 
Add a new tag
Caveats
  • Supply blocks, unpowered buildings, or Contaminate may cause inaccurate times.
  • Supply counts are checked every 10 seconds.